 Dungeon Crawl Stone Soup version 0.15.2 (webtiles) character file.

58041 MordorOrchid the Basher (level 14, -5/137 HPs)
             Began as a Troll Fighter on July 27, 2022.
             Was the Champion of Qazlal.
             Slain by a death yak (17 damage)
             ... on Level 7 of the Lair of Beasts on Aug 9, 2022.
             The game lasted 02:27:20 (16821 turns).

MordorOrchid the Basher (Troll Fighter)            Turns: 16821, Time: 02:27:20

HP  -5/137       AC 15     Str 27      XL: 14   Next: 48%
MP  21/21        EV 14     Int  5      God: Qazlal [******]
Gold 918         SH 20     Dex 12      Spells:  0 memorised, 13 levels left

rFire  . . .     SeeInvis .     a - +5 morningstar
rCold  . . .     Clarity  .     W - +1 troll leather armour
rNeg   . . .     rCorr    .     c - +0 shield
rPois  .         rRot     .     k - +2 hat
rElec  .         Spirit   .     M - +0 cloak
SustAb .         Warding  .     (gloves unavailable)
rMut   .         Stasis   .     (boots unavailable)
Gourm  +                        F - amulet of rage
MR     +....                    J - ring of regeneration
                                u - ring of invisibility

@: lethally poisoned, protected from physical damage, repel missiles, somewhat
resistant to hostile enchantments, very unstealthy
A: unfitting armour, claws 3, fast metabolism 3, gourmand, regeneration 2,
saprovore 2, shaggy fur 1, tough skin 2
a: Upheaval, Elemental Force, Disaster Area, Renounce Religion, Evoke Berserk
Rage, Evoke Invisibility


You were on level 7 of the Lair of Beasts.
You worshipped Qazlal.
Qazlal was exalted by your worship.
You were very full.

You visited 2 branches of the dungeon, and saw 19 of its levels.
You also visited: Labyrinth and Sewer.

You collected 1187 gold pieces.
You spent 269 gold pieces at shops.

Inventory:

Hand weapons
 a - a +5 morningstar (weapon)
 b - a +0 blowgun
 n - a +2 whip of flaming
 q - a +12 giant club
 v - a +2 flail of holy wrath
Missiles
 f - a throwing net
 h - 3 curare-tipped needles
 j - 5 large rocks (quivered)
 l - 11 tomahawks
 C - 7 javelins
 E - 5 needles of confusion
Armour
 c - a +0 shield (worn)
 k - a +2 hat (worn)
 M - a +0 cloak (worn)
 R - a +1 robe of fire resistance
 W - a +1 troll leather armour (worn)
 Y - a +2 robe of cold resistance
Magical devices
 i - a wand of fire (6)
 r - a wand of magic darts (14) {unknown}
 y - a wand of polymorph (12)
 H - a wand of cold (13)
 N - a wand of disintegration (4)
 Z - a wand of paralysis (4)
Comestibles
 d - 16 meat rations
 p - 2 bread rations
Scrolls
 m - a scroll of fear
 G - 3 scrolls of recharging
 I - 2 scrolls of blinking
 P - 5 scrolls of remove curse
 T - 3 scrolls of fog
 U - 2 scrolls of magic mapping
 X - 4 scrolls of teleportation
Jewellery
 u - a ring of invisibility (left claw)
 z - an uncursed ring of ice
 F - an amulet of rage (around neck)
 J - a ring of regeneration (right claw)
Potions
 e - 2 potions of beneficial mutation {unknown}
 g - a potion of cancellation {unknown}
 s - 2 potions of curing
 w - a potion of magic {unknown}
 x - a potion of resistance {unknown}
 A - 2 potions of flight
 K - a potion of invisibility
 L - 4 potions of haste
 O - 3 potions of agility
 S - 4 potions of heal wounds
Miscellaneous
 o - a disc of storms
 t - a phial of floods
 V - a plain deck of summonings {the Illusion}


   Skills:
 * Level 8.7 Fighting
 * Level 10.8 Maces & Flails
 - Level 5.1 Throwing
 * Level 4.9 Armour
 + Level 9.6 Dodging
 + Level 9.3 Shields
 * Level 8.2 Invocations
 - Level 7.1 Evocations


You had 13 spell levels left.
You didn't know any spells.

Dungeon Overview and Level Annotations

Branches:
Dungeon (11/15)               Orc (0/4) D:9            Lair (8/8) D:11
 Shoals (0/5) Lair:5        Snake (0/5) Lair:3        Slime (0/6) Lair:6
 Temple: D:4-7

Altars:
Ashenzari
Cheibriados
Fedhas
Kikubaaqudgha
Makhleb
Nemelex Xobeh
Okawaru
Qazlal
Trog
Yredelemnul
Zin
The Shining One

Shops:
D:8 !

Annotations:
D:7 exclusion: upstairs
D:9 exclusion: downstairs


Innate Abilities, Weirdness & Mutations

You are too large for most types of armour.
You have claws for hands.
Your metabolism is lightning-fast.
You like to eat raw meat.
You heal very quickly.
You can eat rotten meat.
You are covered in fur (AC +1).
You have very tough skin (AC +2).


Message History

The death yak is engulfed in freezing vapours.
The death yak gores you!
You feel more protected from physical attacks.
The adder misses you. You block the death yak's attack.
You hit the death yak.
The death yak is moderately wounded.
You feel sick. You block the adder's attack.
The death yak is engulfed in freezing vapours.
The death yak gores you!!
* * * LOW HITPOINT WARNING * * *
You feel more protected from physical attacks.
The death yak gores you!!
* * * LOW HITPOINT WARNING * * *
You are too injured to fight recklessly!
Unknown command.
You are too injured to fight recklessly!
You feel sick. You block the adder's attack.
The death yak is engulfed in freezing vapours.
The death yak gores you!
You die...

#.....##.........##....#......
##....###..........#P...#......
#......##...≈≈.....##...#......
##......#....≈≈.≈..≈......#....
##.........≈≈≈≈≈≈≈≈...........
#..........≈≈≈≈≈≈≈≈...........
#P.......≈≈≈§≈§≈≈≈≈≈.##.......
##.........≈≈§S%§≈≈≈...##......
#..........≈≈≈@Y§§≈≈...........
#..........≈≈§%Y%≈≈≈...........
#.#.......≈≈≈≈≈§≈≈≈≈...........
*##........≈≈≈≈≈≈≈≈≈...........
#...%#...#.≈≈≈≈≈≈≈.#..##P.....
##..:###.......≈≈..≈#..........
#.P..#*#...............##......
##....#*.......#....##..P.......
#P....###......#.....#..........


You could see 2 death yaks and an adder.

Vanquished Creatures
  A minotaur (Lab)
  Josephine (D:10)
  Fannar (D:10)
  7 hydras
  A centaur warrior (D:10)
  The ghost of MordorOrchid the Thaumaturge, a powerful OpFE of Vehumet (Lair:1)
  Erica (D:11)
  2 death yaks (Lair:7)
  Urug (D:10)
  Nergalle (Lair:6)
  2 iron golems (D:9)
  2 catoblepae
  Pikel (D:9)
  5 griffons
  An ugly thing (D:10)
  9 oklob plants
  2 wolf spiders (Lair:7)
  A cyclops (D:11)
  5 elephants (Lair:2)
  A torpor snail (Lair:7)
  A black mamba (Lair:7)
  6 spiny frogs
  7 komodo dragons
  5 gargoyles
  An item mimic (Lair:4)
  A fire drake (Lair:3)
  Grinder (D:6)
  A polar bear (Lair:5)
  A merfolk (D:10)
  2 trolls
  27 blink frogs
  A boulder beetle (Lair:5)
  A human (D:10)
  A basilisk (Lair:1)
  A deep elf mage (D:10)
  A hungry ghost (D:9)
  2 wyverns
  Eustachio (D:6)
  46 yaks
  28 wolves
  Edmund (D:6)
  3 wargs (D:9)
  6 hippogriffs
  7 porcupines
  9 water moccasins
  2 black bears
  2 nagas (Lair:3)
  2 ice beasts (D:10)
  A spider (Lair:7)
  8 orc warriors
  5 sky beasts
  2 slaves (D:9)
  2 necrophages
  A centaur (D:10)
  3 phantoms
  3 ogres
  A big kobold (D:8)
  18 crocodiles
  16 giant frogs
  A boring beetle (Lair:3)
  4 scorpions
  11 jellies
  An eye of draining (D:9)
  2 electric eels (Lair:5)
  A troll skeleton (D:10)
  A tengu zombie (D:11)
  11 crimson imps
  6 wights (D:11)
  15 hounds
  A quasit (D:9)
  A centaur zombie (D:5)
  Crazy Yiuf (D:6)
  4 orc priests
  A spectral orc (Lair:6)
  A centaur skeleton (D:8)
  2 black bear skeletons
  9 iguanas
  9 orc wizards
  9 worker ants
  36 sheep
  A mottled dragon skeleton (D:9)
  A hound skeleton (D:10)
  A killer bee simulacrum (D:10)
  A worker ant zombie (D:7)
  28 adders
  2 gnolls
  38 green rats
  A crocodile simulacrum (D:10)
  5 shadow imps
  11 giant mites
  5 worms
  An ufetubus (D:6)
  An iguana zombie (D:10)
  6 orc skeletons
  24 oozes
  44 orcs
  10 bats
  A bat skeleton (D:3)
  5 goblins
  19 hobgoblins
  12 jackals
  20 kobolds
  15 quokkas
  9 ball pythons
  22 giant cockroaches
  12 giant geckos
  17 giant newts
  2 giant spores
  A goblin skeleton (D:4)
  2 goblin zombies
  A hobgoblin skeleton (D:3)
  A hobgoblin zombie (D:4)
  2 kobold skeletons
  3 kobold zombies
  2 orc zombies
  12 rats
  2 rat zombies
  7 ballistomycetes
  A bush (D:11)
  26 fungi
  27 plants
801 creatures vanquished.

Vanquished Creatures (others)
  2 slaves (D:9)
  A bush (D:11)
  8 fungi
  4 plants
15 creatures vanquished.

Grand Total: 816 creatures vanquished

Notes
Turn   | Place    | Note
--------------------------------------------------------------
     0 | D:1      | MordorOrchid, the Troll Fighter, began the quest for the Orb.
     0 | D:1      | Reached XP level 1. HP: 22/22 MP: 1/1
    69 | D:1      | Reached XP level 2. HP: 29/29 MP: 1/1
   497 | D:2      | Reached XP level 3. HP: 21/36 MP: 2/2
   894 | D:2      | Found an ancient bone altar of Kikubaaqudgha.
   894 | D:2      | Found a blossoming altar of Fedhas.
   938 | D:2      | Reached XP level 4. HP: 20/44 MP: 2/2
   943 | D:2      | Found a stormy altar of Qazlal.
   944 | D:2      | Found a snail-covered altar of Cheibriados.
   947 | D:2      | Found a burning altar of Makhleb.
   948 | D:2      | Found a shattered altar of Ashenzari.
   949 | D:2      | Reached skill level 3 in Shields
  1156 | D:4      | Found a glowing golden altar of the Shining One.
  1300 | D:4      | Reached XP level 5. HP: 41/52 MP: 2/2
  1317 | D:4      | Noticed an ogre
  1323 | D:4      | Killed an ogre
  1368 | D:4      | Reached skill level 1 in Evocations
  1412 | D:5      | Entered Level 5 of the Dungeon
  1433 | D:5      | Reached XP level 6. HP: 12/61 MP: 4/4
  1579 | D:5      | Found a glowing drain.
  1583 | Sewer    | Entered a sewer
  1799 | Sewer    | Reached skill level 4 in Maces & Flails
  2064 | Sewer    | Reached XP level 7. HP: 57/67 MP: 4/4
  2528 | D:2      | Became a worshipper of Qazlal Stormbringer
  3111 | D:6      | Noticed Grinder
  3118 | D:6      | Killed Grinder
  3118 | D:6      | Reached skill level 5 in Maces & Flails
  3118 | D:6      | Reached skill level 1 in Invocations
  3118 | D:6      | Reached XP level 8. HP: 69/75 MP: 6/6
  3173 | D:6      | Found a sparkling altar of Nemelex Xobeh.
  3291 | D:6      | Acquired Qazlal's first power
  3668 | D:5      | Found a basalt altar of Yredelemnul.
  3835 | D:6      | Reached skill level 5 in Dodging
  4182 | D:7      | Noticed Edmund
  4249 | D:7      | Acquired Qazlal's second power
  4249 | D:7      | Reached skill level 1 in Throwing
  4265 | D:7      | Noticed Eustachio
  4298 | D:6      | Killed Eustachio
  4354 | D:6      | Reached XP level 9. HP: 84/84 MP: 8/8
  4499 | D:6      | Found a blossoming altar of Fedhas.
  4605 | D:6      | Killed Edmund
  4627 | D:7      | Noticed Crazy Yiuf
  4657 | D:6      | Paralysed by Crazy Yiuf for 2 turns
  4659 | D:6      | Killed Crazy Yiuf
  4884 | D:7      | Reached skill level 6 in Maces & Flails
  5071 | D:8      | Found Chommut's Distillery.
  5101 | D:8      | Bought a potion of heal wounds for 33 gold pieces
  5101 | D:8      | Bought a potion of berserk rage for 33 gold pieces
  5101 | D:8      | Bought a potion of lignification for 22 gold pieces
  5101 | D:8      | Bought 2 potions of haste for 154 gold pieces
  5101 | D:8      | Bought a potion of might for 27 gold pieces
  5201 | D:8      | Acquired Qazlal's third power
  5421 | D:8      | Found an iron altar of Okawaru.
  5422 | D:8      | Found a bloodstained altar of Trog.
  5827 | D:9      | Reached skill level 5 in Shields
  5830 | D:9      | Reached skill level 5 in Fighting
  5884 | D:9      | Found a staircase to the Orcish Mines.
  5968 | D:9      | Noticed Pikel
  5997 | D:9      | Killed Pikel
  5997 | D:9      | Reached XP level 10. HP: 75/96 MP: 11/11
  6103 | D:9      | HP: 4/96 [yak (3)]
  6418 | D:9      | Acquired Qazlal's fourth power
  6630 | D:10     | Entered Level 10 of the Dungeon
  6738 | D:10     | Noticed Josephine
  6756 | D:10     | Killed Josephine
  6756 | D:10     | Reached skill level 7 in Maces & Flails
  7028 | D:10     | Reached skill level 5 in Evocations
  7153 | D:10     | Reached XP level 11. HP: 94/105 MP: 13/13
  7232 | D:10     | Noticed Fannar
  7261 | D:10     | Killed Fannar
  7560 | D:10     | Noticed a centaur warrior
  7622 | D:10     | Killed a centaur warrior
  7639 | D:10     | Noticed an iron golem
  7640 | D:10     | Noticed an iron golem
  7735 | D:9      | Killed an iron golem
  7735 | D:9      | Reached skill level 5 in Invocations
  7814 | D:10     | Noticed an iron golem
  7835 | D:10     | Noticed an iron golem
  8324 | D:9      | Killed an iron golem
  8609 | D:10     | Reached skill level 5 in Throwing
  8700 | D:11     | Acquired Qazlal's fifth power
  8701 | D:11     | Noticed Urug
  8804 | D:10     | Killed Urug
  8815 | D:11     | Noticed Erica
  8957 | D:11     | Killed Erica
  9533 | D:11     | Reached skill level 8 in Maces & Flails
  9682 | D:11     | Found a staircase to the Lair.
 10015 | Lair:1   | Entered Level 1 of the Lair of Beasts
 10027 | Lair:1   | Reached XP level 12. HP: 115/115 MP: 16/16
 10193 | Lair:1   | Got a crude robe
 10336 | Lair:1   | Noticed MordorOrchid's ghost (powerful OpFE)
 10472 | Lair:1   | Killed MordorOrchid's ghost
 10684 | Lair:1   | Found a glowing silver altar of Zin.
 10686 | Lair:1   | Noticed a six-headed hydra
 10700 | Lair:1   | Killed a six-headed hydra
 11146 | Lair:2   | Identified the +2 robe of Hospitality {Slay-1 Stlth--} (You found it on level 1 of the Lair of Beasts)
 11395 | Lair:2   | Reached skill level 1 in Armour
 11490 | Lair:2   | Reached skill level 9 in Maces & Flails
 11709 | Lair:3   | Found a staircase to the Snake Pit.
 11871 | Lair:3   | Reached XP level 13. HP: 110/124 MP: 19/19
 12389 | Lair:3   | Noticed a four-headed hydra
 12415 | Lair:3   | Killed a four-headed hydra
 13279 | Lair:5   | Found a staircase to the Shoals.
 14174 | Lair:6   | Noticed Nergalle
 14230 | Lair:6   | Killed Nergalle
 14262 | Lair:6   | Reached skill level 10 in Maces & Flails
 14600 | Lair:6   | Found a staircase to the Slime Pits.
 14682 | Lair:6   | Reached XP level 14. HP: 79/136 MP: 21/21
 15268 | Lair:7   | Found a labyrinth entrance.
 15388 | Lab      | Entered a labyrinth
 15981 | Lab      | Identified the Compendium of Earth
 16627 | Lair:8   | Entered Level 8 of the Lair of Beasts
 16821 | Lair:7   | Slain by a death yak

Action                   |  1- 3 |  4- 6 |  7- 9 | 10-12 | 13-15 || total
-------------------------+-------+-------+-------+-------+-------++-------
Melee: Flail             |   166 |   329 |   457 |    85 |       ||  1037
       Whip              |       |       |   271 |   531 |    38 ||   840
       Mace              |       |       |     7 |   102 |       ||   109
       Morningstar       |       |       |       |   366 |   631 ||   997
 Fire: Blowgun           |       |     4 |     4 |     5 |       ||    13
Throw: Stone             |       |       |    11 |     1 |       ||    12
       Tomahawk          |       |       |    17 |    68 |    19 ||   104
       Javelin           |       |       |       |    49 |       ||    49
       Large rock        |       |       |       |       |    17 ||    17
 Abil: Evoke Invisibilit |       |       |       |     1 |     3 ||     4
       Evoke Berserk Rag |       |       |       |       |     2 ||     2
  Use: Potion            |       |     3 |     1 |     9 |       ||    13
       Scroll            |       |       |    14 |    18 |     9 ||    41
 Stab: Invisible         |       |       |       |     7 |     1 ||     8
  Eat: Chunk             |    14 |    13 |    39 |    66 |    50 ||   182
       Pizza             |       |       |       |     4 |     1 ||     5
